 Dungeon Crawl Stone Soup version 0.17-a0-1849-g8a24fa2 (webtiles) character file.

48 Kingtendie the Stinger (level 3, -2/16 HPs)
             Began as a Spriggan Venom Mage on Sept 18, 2015.
             Slain by an adder (3 damage)
             ... on level 2 of the Dungeon.
             The game lasted 00:15:08 (2246 turns).

Kingtendie the Stinger (Spriggan Venom Mage)        Turns: 2246, Time: 00:15:08

Health: -2/16      AC:  2    Str:  4    XL:     3   Next: 50%
Magic:  5/8        EV: 18    Int: 17    God:
Gold:   121        SH:  0    Dex: 16    Spells: 3 memorised, 2 levels left

rFire  . . .     SeeInvis +     p - staff of air
rCold  . . .     Clarity  .     a - +0 robe
rNeg   . . .     SustAt   .     (shield restricted)
rPois  .         Gourm    .     (helmet restricted)
rElec  +         Spirit   .     (no cloak)
rCorr  .         Warding  .     (gloves unavailable)
rMut   .         Stasis   .     (boots unavailable)
MR     .....                    (no amulet)
Stlth  +++.......               (no ring)
                                (no ring)

@: lethally poisoned (-2 -> -13), very quick, not resistant to hostile
enchantments, fairly stealthy
A: unfitting armour, see invisible, herbivore 3, speed 3, slow metabolism 2
a: no special abilities


You were on level 2 of the Dungeon.
You were very full.

You visited 1 branch of the dungeon, and saw 2 of its levels.

You collected 121 gold pieces.

Inventory:

Hand weapons
 f - a +0 club
 g - a +0 hunting sling
 j - a +2 whip of holy wrath
Missiles
 d - 46 bolts (quivered)
Armour
 a - a +0 robe (worn)
 e - a +0 leather armour
 i - a +0 ring mail
Magical staves
 p - an uncursed staff of air (weapon)
Scrolls
 k - a scroll of blinking {unknown}
 m - 2 scrolls of identify {unknown}
 n - a scroll of fear {unknown}
Potions
 c - a potion of lignification {unknown}
 o - a potion of heal wounds {unknown}
 q - a potion of poison {unknown}
 r - a potion of ambrosia {unknown}
 s - a potion of flight {unknown}
Books
 b - a Young Poisoner's Handbook

   Spells                             Type                      Level
   a - Sting                          Conjuration/Poison           1
   b - Cure Poison                    Poison                       2
   c - Mephitic Cloud                 Conjuration/Poison/Air       3
   d - Olgreb's Toxic Radiance        Poison                       4
   e - Venom Bolt                     Conjuration/Poison           5
Comestibles
 l - a bread ration


   Skills:
 + Level 3.1 Dodging
 + Level 3.2 Stealth
 + Level 3.3 Spellcasting
 + Level 0.5 Conjurations
 + Level 0.3 Air Magic
 + Level 4.6 Poison Magic


You had 2 spell levels left.
You knew the following spells:

 Your Spells              Type           Power        Failure   Level  Hunger
a - Sting                 Conj/Pois      ##..         10%         1    None
b - Cure Poison           Pois           ###.......   4%          2    ##.....
c - Mephitic Cloud        Conj/Pois/Air  ##......     24%         3    ###....


Dungeon Overview and Level Annotations

Branches:
Dungeon (2/15)

Altars:
Qazlal


Innate Abilities, Weirdness & Mutations

You are tiny and cannot use many weapons and most armour.
You have supernaturally acute eyesight.
You are a herbivore.
You cover ground extremely quickly.
You need consume almost no food.


Message History

* * * LOW HITPOINT WARNING * * *
You are more poisoned.
The adder poisons you!
Casting: Sting
Confirm with . or Enter, or press ? or * to list all spells.
Aiming: Sting
Press: ? - help, Shift-Dir - straight line, f/p - adder
Aim: an adder (lightly wounded)
The sting hits the adder.
The adder is poisoned.
The adder is moderately wounded.
The adder closely misses you.
Casting: Sting
Confirm with . or Enter, or press ? or * to list all spells.
Aiming: Sting
Press: ? - help, Shift-Dir - straight line, f/p - adder
Aim: an adder (heavily wounded, poisoned)
The sting misses the adder.
* * * LOW HITPOINT WARNING * * *
You feel sick. The adder misses you. The adder bites you.
You die...

#.# #.# #.........
#.######.#######
#.........
#.......†.......
######....
########.########
#.... #.##.....#
##... #(.......#
#.... #........+
#.#'# #.....### #.#..
#.(@..# #.### #..S..#
#.... #.....#
######.## #.....#
#........
#.....###########...
....%...............
..%....#####....####.
#.......# #....## #.
#.....# #.


You could see an adder.

Vanquished Creatures
  2 adders (D:2)
  A worm (D:2)
  3 giant geckos
  A giant cockroach (D:1)
  7 hobgoblins
  A quokka (D:1)
  A ball python (D:1)
  3 bats
  A giant newt (D:2)
  A goblin (D:2)
  5 kobolds
  3 rats
29 creatures vanquished.

Notes
Turn   | Place    | Note
--------------------------------------------------------------
     0 | D:1      | Kingtendie the Spriggan Venom Mage began the quest for the Orb.
     0 | D:1      | Reached XP level 1. HP: 9/9 MP: 5/5
   351 | D:1      | Reached XP level 2. HP: 13/13 MP: 0/6
   360 | D:1      | Learned a level 2 spell: Cure Poison
  1128 | D:2      | Reached XP level 3. HP: 14/16 MP: 4/8
  1149 | D:2      | Learned a level 3 spell: Mephitic Cloud
  1745 | D:2      | Found a stormy altar of Qazlal.
  2246 | D:2      | Slain by an adder

Vault maps used:
D:1:      saegor_arrival_miasma, minmay_misc_feat_hallway
D:2:      led_sif_pool, zin_angel, nicolae_overflow_crystal_walls

Action                   || total
-------------------------++-------
Melee: Unarmed           ||    15
       Staff             ||    16
       Whip              ||     3
 Cast: Sting             ||    68
       Mephitic Cloud    ||     4
  Use: Scroll            ||     1
  Eat: Bread ration      ||     1
       Fruit             ||     1
